 Dungeon Crawl Stone Soup version 0.31.0-32-g396128a36d (webtiles) character file.

Game seed: 8334264750130211606

128 Gabide the Conjurer (level 4, -2/37 HPs)
             Began as a Draconian Reaver on Apr 12, 2024.
             Slain by an orc wizard
             ... wielding a +0 dagger
              (4 damage)
             ... on level 3 of the Dungeon.
             The game lasted 00:05:03 (2474 turns).

Gabide the Conjurer (Draconian Reaver)              Turns: 2474, Time: 00:05:04

Health: -2/37      AC:  6    Str: 16    XL:     4   Next: 87%
Magic:  7/7        EV: 12    Int: 14    God:
Gold:   121        SH:  0    Dex:  9    Spells: 6/7 levels left

rFire   . . .        a - +0 mace
rCold   . . .        (no shield)
rNeg    . . .        (body armour unavailable)
rPois   .            (helmet restricted)
rElec   .            (no cloak)
rCorr   .            k - +0 pair of gloves
SInv    .            (no boots)
Will    .....        (no amulet)
Stlth   +            (no ring)
HPRegen 0.26/turn    (no ring)
MPRegen 0.10/turn

%: no passive effects
@: no status effects
A: AC +5, unfitting armour, cold-blooded
a: no special abilities


You were on level 3 of the Dungeon.
You visited 1 branch of the dungeon, and saw 3 of its levels.

You collected 121 gold pieces.

Inventory:

Hand Weapons
 a - a +0 mace (weapon)
Missiles
 h - 6 boomerangs
Armour
 k - a +0 pair of gloves (worn)
Scrolls
 j - 2 scrolls of noise
Potions
 e - a potion of resistance {unknown}
 f - a potion of ambrosia {unknown}
 g - a potion of enlightenment {unknown}


   Skills:
 + Level 2.8 Fighting
 * Level 3.8 Maces & Flails
 + Level 2.5 Dodging
 + Level 2.4 Spellcasting
 * Level 3.9 Conjurations


You had 6 spell levels left.
You knew the following spells:

 Your Spells              Type           Power      Damage    Failure   Level
a - Kiss of Death         Conj/Necr      28%        2d7       10%         1

Your spell library contained the following spells:

 Spells                   Type           Power      Damage    Failure   Level
 Momentum Strike          Conj/Tloc      14%        3d8       16%         2
 Hailstorm                Conj/Ice       7%         3d5       30%         3
 Volatile Blastmotes      Fire/Tloc      2%         2d10      56%         3
 Fulminant Prism          Conj/Alch      3%         3d5       69%         4
 Iskenderun's Mystic Bla  Conj/Tloc      7%         2d4       69%         4


Dungeon Overview and Level Annotations

Branches:
Dungeon (3/15)

Altars:

Shops:
D:1 [??


Innate Abilities, Weirdness & Mutations

Your plain brown scales are hard. (AC +5)
You cannot fit into any form of body armour.
You are cold-blooded and may be slowed by cold attacks.


Message History

You feel better. Something hits you.
The orc hits you from afar with a +0 trident.
You hit something.
You hear some strange, mumbled words.
You are confused.
The orc throws a boomerang.
The boomerang hits you.
* * * LOW HITPOINT WARNING * * *
You miss something. Something hits you but does no damage.
The orc hits you from afar with a +0 trident!
* * * LOW HITPOINT WARNING * * *
You feel better. Something hits you.
* * * LOW HITPOINT WARNING * * *
The orc closely misses you.
You barely miss something. Something hits you.
* * * LOW HITPOINT WARNING * * *
The orc hits you but does no damage. The orc misses you. Something hits you.
* * * LOW HITPOINT WARNING * * *
You closely miss something.
An orc wizard appears from thin air!
Reactivating autopickup.
The orc wizard points at you and mumbles some strange words.
The puff of flame hits you.
* * * LOW HITPOINT WARNING * * *
The orc hits you but does no damage.
You feel better.
The orc wizard hits you but does no damage.
The orc closely misses you.
You closely miss the orc wizard.
The orc wizard hits you with a +0 dagger.
* * * LOW HITPOINT WARNING * * *
The orc hits you from afar with a +0 trident.
* * * LOW HITPOINT WARNING * * *
It was a potion of cancellation.
You feel magically purged.
The orc wizard hits you but does no damage.
The orc barely misses you. The orc attacks as it pursues you!
The orc hits you from afar with a +0 trident.
* * * LOW HITPOINT WARNING * * *
The orc wizard attacks as it pursues you!
The orc wizard hits you with a +0 dagger.
You die... ..# ..# ..# ######### ..### ....... ..'.# ..... ..#.# .oo

###.# #)#
#.#################.#
#.............@o.o.o#
#####################


You could see an orc wizard and 2 orcs.

Vanquished Creatures
  An orc priest (D:2)
  Jessica (D:2)
  A gnoll (D:1)
  3 dart slugs
  A ribbon worm (D:2)
  6 orcs
  2 ball pythons (D:1)
  3 bats
  3 endoplasms
  3 giant cockroaches
  2 hobgoblins (D:2)
  4 jackals (D:1)
  A kobold (D:1)
  A quokka (D:2)
  2 frilled lizards (D:1)
  5 goblins
  11 rats
50 creatures vanquished.

Notes
Turn   | Place    | Note
-------+----------+-------------------------------------------
     0 | D:1      | Gabide the Draconian Reaver began the quest for the Orb.
     0 | D:1      | Reached XP level 1. HP: 17/17 MP: 3/3
   149 | D:1      | Found a faded altar of an unknown god.
   226 | D:1      | Found Ychemmae's Antique Armour Boutique.
   246 | D:1      | Reached XP level 2. HP: 23/24 MP: 5/5
   606 | D:1      | Found Kutuarom's Magic Scroll Shoppe.
   630 | D:1      | Found Raniwn's Magic Scroll Emporium.
   819 | D:1      | Reached XP level 3. HP: 27/30 MP: 6/6
  1284 | D:2      | Noticed Jessica
  1379 | D:2      | Killed Jessica
  1566 | D:2      | Reached XP level 4. HP: 37/37 MP: 7/7
  2474 | D:3      | Slain by an orc wizard

Illustrated notes

Levels and vault maps discovered:
D:1:      lightli_arrival_isolated_outpost, layout_basic,
          nicolae_ecumenical_lake_church, serial_shops,
          nicolae_shop_getting_attention, nicolae_shop_window_shopping, shop,
          minmay_statues_item
D:2:      wander_river, layout_loops_ring, minmay_rat_gold_closets, uniq_jessica
D:3:      layout_basic, nicolae_yredelemnul_ghost_church,
          mainiacjoe_overflow_alcove_2, due_unseen_surprise

Skill      XL: |  1  2 |
---------------+-------+-----
Dodging        | 2 |  2.5
Fighting       | |  2.8
Maces & Flails | |  3.8
Spellcasting   | |  2.4
Conjurations   | |  3.9

Action                     |  1- 3 |  4- 6 || total
---------------------------+-------+-------++-------
  Melee: Mace              |   121 |    94 ||   215
         Tailslap          |    11 |    14 ||    25
         Punch             |       |     1 ||     1
    Use: Scroll            |       |     6 ||     6
         Potion            |       |     5 ||     5
   Stab: Sleeping          |     1 |       ||     1
 Armour: Skin              |    83 |    96 ||   179
  Dodge: Dodged            |   130 |    67 ||   197
